 Dungeon Crawl Stone Soup version 0.26-a0-854-gdc81c2f471 (webtiles) character file.

Game seed: 8239307358147622179

30 iamoutofideas the Stinger (level 3, -1/21 HPs)
             Began as an Octopode Venom Mage on Nov 23, 2020.
             Shot with a sling bullet by a goblin (5 damage)
             ... on level 2 of the Dungeon.
             The game lasted 00:02:11 (1398 turns).

iamoutofideas the Stinger (Octopode Venom Mage)     Turns: 1398, Time: 00:02:12

Health: -1/21      AC:  1    Str:  7    XL:     3   Next: 20%
Magic:  0/6        EV: 13    Int: 18    God:
Gold:   44         SH:  0    Dex: 12    Spells: 6/7 levels left

rFire    . . .     SeeInvis .   (no weapon)
rCold    . . .     Faith    .   (no shield)
rNeg     . . .     Spirit   .   (helmet restricted)
rPois    .         Reflect  .   (no amulet)
rElec    .         Harm     .   (no ring)
rCorr    .         Rampage  .   (no ring)
MR       .....                  (no ring)
Stlth    +++.......             (no ring)
HPRegen  0.07/turn              (no ring)
MPRegen  0.10/turn              (no ring)
                                (no ring)
                                (no ring)

@: no status effects
A: almost no armour, stealthy swim, amphibious, 8 rings, constrict 8, camouflage
1, gelatinous body 1
a: no special abilities


You were on level 2 of the Dungeon.
You visited 1 branch of the dungeon, and saw 2 of its levels.

You collected 44 gold pieces.

Inventory:

Scrolls
 a - 2 scrolls of magic mapping {unknown}
 b - a scroll of random uselessness {unknown}
 d - a scroll of fear {unknown}
 e - a scroll of teleportation {unknown}
 f - a scroll of fog {unknown}
Potions
 c - a potion of attraction {unknown}


   Skills:
 + Level 2.2 Dodging
 + Level 3.0 Stealth
 + Level 2.5 Spellcasting
 + Level 1.0 Transmutations
 + Level 4.2 Poison Magic


You had 6 spell levels left.
You knew the following spells:

 Your Spells              Type           Power        Failure   Level
a - Sting                 Tmut/Pois      ##..         6%          1

Your spell library contained the following spells:

 Spells                   Type           Power        Failure   Level
 Poisonous Vapours        Pois/Air       #.....       11%         2
 Ignite Poison            Fire/Tmut/Pois #.......     24%         3
 Mephitic Cloud           Conj/Pois/Air  #.......     28%         3
 Olgreb's Toxic Radiance  Pois           ###.....     30%         4


Dungeon Overview and Level Annotations

Branches:
Dungeon (2/15)

Altars:


Innate Abilities, Weirdness & Mutations

You cannot wear most types of armour.
You are very stealthy in the water. (Stealth+)
You are amphibious.
You can wear up to eight rings at the same time.
You can use your tentacles to constrict eight enemies at once.
Your skin changes colour to match your surroundings (Stealth+).
Your rubbery body absorbs attacks. (AC +1, EV +1)


Message History

The leopard gecko is lightly wounded.
The leopard gecko closely misses you.
You tentacle-slap the leopard gecko but do no damage.
You grab the leopard gecko.
The leopard gecko is lightly wounded.
You constrict the leopard gecko. The leopard gecko misses you.
The leopard gecko barely misses you.
Casting: Sting (safe; 6% risk of failure)
Confirm with . or Enter, or press ? or * to list all spells.
Aiming: Sting (safe; 6% risk of failure)
Press: ? - help, Shift-Dir - straight line, f/p - leopard gecko
Aim: a leopard gecko (moderately wounded, constricted by you, 10% to evade)
The sting hits the leopard gecko.
The leopard gecko is poisoned.
The leopard gecko is heavily wounded.
You constrict the leopard gecko. The leopard gecko closely misses you.
Unknown command.
You release your grip on the leopard gecko.
You kill the leopard gecko!
The goblin shoots a sling bullet.
The sling bullet hits you.
You die...

.$ #. .. .. ##.####. .......$
### .[...... #...#####
###.#....####.
#.#.....#########.##...#
#...... #.........wg.†.@.#.
... #.####.
#.#.##.#########.# ..g###.#
#w # ##(## #.# #.#....# #.
#.#.gw########.# #.##.#.# #.
#......#.......###.##.#.####.
#.............(.......#...?(.
##....(..#########.((.?(.....
##...#..# ############
#.......b


You could see a worm and a goblin.

Vanquished Creatures
  A gnoll (D:1)
  A worm (D:2)
  A dart slug (D:1)
  A leopard gecko (D:2)
  3 giant cockroaches (D:1)
  A goblin (D:2)
  3 hobgoblins (D:1)
  2 bats
  3 kobolds (D:1)
16 creatures vanquished.

Notes
Turn   | Place    | Note
-------+----------+-------------------------------------------
     0 | D:1      | iamoutofideas the Octopode Venom Mage began the quest for
                  | the Orb.
     0 | D:1      | Reached XP level 1. HP: 11/11 MP: 3/3
   381 | D:1      | Reached skill level 4 in Poison Magic
   381 | D:1      | Reached XP level 2. HP: 17/17 MP: 3/5
   920 | D:1      | Reached XP level 3. HP: 13/21 MP: 2/6
  1398 | D:2      | Shot with a sling bullet by a goblin

Illustrated notes

Levels and vault maps discovered:
D:1:      minmay_arrival_solitary_statue, layout_basic, chequers_garden
D:2:      layout_loops_ring, nicolae_ru_sacrificial_ziggurat

Skill      XL: |  1 |
---------------+----+-----
Stealth        | 3 |  3.0
Poison Magic   | 4 |  4.2
Dodging        | |  2.2
Spellcasting   | |  2.5
Transmutations | |  1.0

Action                   || total
-------------------------++-------
Melee: Unarmed           ||    20
       Constrict         ||     8
       Tentacles         ||     6
 Cast: Sting             ||    29
Armor: Skin              ||     1
Dodge: Dodged            ||    36

Table legend: (Time is in decaauts)
 A = Elapsed time spent in this place.
 B = Non-inter-level travel time spent in this place.
 C = Inter-level travel time spent in this place.
 D = Time resting spent in this place.
 E = Time spent auto-exploring this place.
 F = Levels seen in this place.
 G = Mean time per level.
                   A        B        C        D        E       F      G
               +--------+--------+--------+--------+--------+-----+--------+
         Total |   1397 |   1376 |     21 |    376 |    819 |   2 |  698.5 |
       Dungeon |   1397 |   1376 |     21 |    376 |    819 |   2 |  698.5 |
               +--------+--------+--------+--------+--------+-----+--------+

Top non-repeatable levels by time:
     D:1: 1319 daAuts
     D:2: 78 daAuts
